Map: Traitor's Exile

Players

PureLegacy - Winner!

  • Race: Terran Terran
  • Spawn Location: 12:00

NoReflex - Winner!

  • Race: Protoss Protoss
  • Spawn Location: 9:00

HellisH

  • Race: Terran Terran
  • Spawn Location: 5:00

qualmy

  • Race: Terran Terran
  • Spawn Location: 6:00

VOD

Have the link to the VOD?

Description

Time

  • Played on: Dec. 2, 2018, 11:54 p.m.
  • Length: 10:20
Show
View Real Time Build Order
Export as new Build Order

PureLegacy Terran - Winner!

Build Orders:  

Get SALT Encoding   

  12  0:00  SCV  
  13  0:12  SCV  
  14  0:18  Supply Depot  
  14  0:25  SCV  
  15  0:30  Refinery  
  15  0:39  SCV  
  16  0:49  Barracks  
  16  0:51  SCV  
  17  1:04  Barracks  
  17  1:22  Barracks, SCV  
  18  1:36  Reaper  
  18  1:38  Bunker  
  19  1:51  Reaper  
  20  1:57  Orbital Command  
  20  2:07  Refinery  
  20  2:09  Reaper  
  21  2:16  Reaper  
  21  2:20  Supply Depot  
  22  2:28  Reaper  
  23  2:42  Reaper, SCV  
  25  2:50  Reaper  
  26  2:54  SCV  
  26  2:56  Supply Depot  
  27  3:04  Reaper  
  28  3:13  SCV  
  28  3:15  Reaper  
  30  3:35  Command Center  
  30  3:40  Barracks Tech Lab  
  29  3:41  Barracks Reactor  
  29  3:47  Engineering Bay  
  29  3:49  Marine  
  29  3:54  SCV  
  31  3:59  Marine, Stimpack  
  32  4:07  SCV  
  32  4:09  Factory  
  33  4:19  Missile Turret  
  28  4:32  SCV  
  28  4:34  Marine x4  
  17  4:52  Marine  
  18  5:02  Marine x2  
  18  5:03  Marine  
  18  5:06  Orbital Command  
  21  5:15  SCV  
  22  5:25  Marine x3  
  22  5:26  Marine  
  26  5:34  SCV x2  
  28  5:40  Factory Reactor, Starport  
  28  5:46  SCV x2  
  30  5:57  Marine x4  
  34  6:06  SCV x2  
  36  6:15  Marine x4  
  40  6:22  SCV x2  
  42  6:31  Supply Depot  
  41  6:40  SCV  
  41  6:41  SCV  
  36  6:49  Medivac x2  
  36  6:50  Marine x2  
  36  6:51  Marine  
  41  6:57  Barracks  
  41  7:04  Combat Shield  
  41  7:18  Marine x3  
  44  7:27  Terran Infantry Weapons Level 1  
  44  7:28  Orbital Command  
  44  7:35  SCV  
  45  7:37  Marine x2  
  45  7:38  Marine  
  45  7:40  Missile Turret  
  48  7:50  SCV  
  49  7:51  Barracks Tech Lab  
  49  8:02  SCV  
  49  8:03  SCV  
  49  8:04  Marine, Marauder  
  54  8:10  Supply Depot, Marine  
  55  8:17  Marauder  
  57  8:22  Concussive Shells  
  58  8:27  SCV x2  
  58  8:28  Medivac  
  58  8:32  Medivac  
  63  8:34  Supply Depot  
  63  8:39  SCV x2  
  65  8:49  Marine  
  65  8:50  Marine  
  65  8:51  Marauder  
  69  8:56  Marauder  
  71  9:07  Barracks  
  71  9:08  Barracks  
  71  9:14  Marauder  
  71  9:15  Marine x2  
  71  9:17  Marine, SCV x2  
  75  9:22  Supply Depot  
  78  9:38  Refinery  
  78  9:39  Refinery  
  78  9:43  Medivac x2, SCV x2  
  78  9:58  Marine x2  
  78  9:59  Marauder  
  79  10:06  Barracks Tech Lab, Barracks Reactor  
  78  10:18  Supply Depot  
Show
View Real Time Build Order
Export as new Build Order

NoReflex Protoss - Winner!

Build Orders:  

Get SALT Encoding   

  12  0:00  Probe  
  13  0:13  Probe  
  14  0:18  Pylon  
  14  0:33  Probe  
  15  0:36  Gateway  
  15  0:43  Probe  
  15  0:49  Assimilator  
  16  0:51  Probe  
  17  0:59  Probe, Pylon  
  18  1:11  Probe  
  19  1:20  Probe  
  19  1:24  Cybernetics Core  
  20  1:28  Probe, Zealot  
  23  1:38  Probe  
  24  1:47  Gateway  
  24  1:52  Gateway  
  24  1:53  Stalker  
  24  2:01  Warp Gate  
  26  2:24  Stalker  
  26  2:26  Assimilator  
  26  2:28  Pylon  
  28  2:35  Stalker  
  30  2:46  Stalker  
  32  2:54  Zealot  
  34  3:09  Pylon  
  30  3:39  Pylon  
  30  3:50  Twilight Council  
  30  3:52  Pylon  
  28  4:10  Stalker x3  
  34  4:27  Forge  
  34  4:40  Blink  
  32  4:53  Stalker x2  
  30  5:11  Stalker  
  28  5:16  Stalker  
  28  5:17  Zealot  
  32  5:27  Photon Cannon  
  32  5:35  Stalker  
  24  5:44  Zealot  
  24  5:45  Zealot  
  22  6:04  Stalker  
  22  6:05  Stalker x2  
  26  6:21  Photon Cannon  
  26  6:28  Stalker  
  26  6:29  Stalker  
  26  6:30  Stalker  
  32  6:55  Stalker x3  
  38  7:15  Protoss Ground Weapons Level 1  
  38  7:33  Nexus  
  24  8:17  Stalker x3  
  28  8:21  Pylon  
  28  8:31  Probe  
  27  8:41  Stalker, Probe  
  27  8:42  Stalker  
  27  8:43  Probe  
  33  8:49  Probe  
  34  8:55  Dark Shrine  
  34  8:56  Probe  
  34  8:58  Probe  
  36  9:12  Probe x2  
  38  9:17  Stalker  
  38  9:22  Stalker  
  42  9:27  Probe  
  42  9:28  Probe  
  44  9:39  Probe  
  44  9:42  Stalker  
  44  9:44  Stalker  
  49  10:12  Stalker  
  49  10:13  Stalker x2  
Show
View Real Time Build Order
Export as new Build Order

HellisH Terran 

Build Orders: 1/1/1, Hellion Banshee 

Get SALT Encoding   

  12  0:01  SCV  
  13  0:14  SCV  
  14  0:19  Supply Depot  
  14  0:26  SCV  
  15  0:31  Refinery  
  15  0:41  SCV  
  16  0:48  Barracks  
  16  0:55  SCV  
  17  0:59  Refinery  
  17  1:07  SCV  
  18  1:19  SCV  
  19  1:31  SCV  
  20  1:38  Factory, Barracks Reactor  
  20  1:43  SCV  
  20  1:45  Supply Depot  
  21  1:57  Orbital Command  
  21  2:23  Starport  
  21  2:25  Barracks Tech Lab  
  21  2:31  Hellion x2  
  21  2:33  SCV  
  26  2:39  Supply Depot  
  26  2:52  Hellion x2  
  30  3:05  SCV  
  31  3:09  Cloaking Field  
  31  3:10  Banshee  
  34  3:16  Supply Depot  
  34  3:25  Hellion  
  34  3:29  Hellion  
  34  3:46  Hellion  
  36  3:50  Hellion  
  36  3:53  Banshee  
  41  4:00  Supply Depot  
  41  4:02  SCV  
  42  4:08  Hellion  
  44  4:23  Hellion  
  46  4:30  Hellion  
  48  4:35  Banshee  
  51  4:45  Hellion  
  49  4:51  Hellion  
  48  5:01  Supply Depot  
  48  5:06  Hellion  
  46  5:18  Hellion, Banshee  
  51  5:27  Hellion  
  45  5:39  Hellion  
  45  5:49  Hellion  
  43  6:01  Hellion, Banshee  
  46  6:10  Hellion  
  48  6:22  Hellion  
  50  6:32  Hellion  
  52  6:34  Engineering Bay  
  52  6:43  Hellion  
  52  6:44  Banshee  
  42  6:53  Hellion  
  38  7:00  Factory  
  38  7:02  Barracks Tech Lab  
  38  7:05  Hellion  
  40  7:14  Hellion  
  42  7:26  Hellion  
  42  7:27  Banshee  
  47  7:36  Hellion  
  49  7:38  Command Center  
  49  7:52  Infernal Pre-Igniter  
  49  7:56  Siege Tank  
  52  8:05  Hellion  
  52  8:06  Hellion  
  52  8:10  Banshee  
  41  8:43  Refinery  
  41  8:52  Starport  
  41  8:53  Barracks Reactor  
  41  9:02  Orbital Command  
  41  9:07  SCV  
  42  9:19  SCV  
  43  9:24  Raven  
  43  9:29  SCV  
  46  9:31  SCV  
  47  9:41  SCV  
  47  9:43  SCV  
  49  9:46  Missile Turret  
Show
View Real Time Build Order
Export as new Build Order

qualmy Terran 

Build Orders:  

Get SALT Encoding   

  12  0:01  SCV  
  13  0:13  SCV  
  14  0:25  Supply Depot, SCV  
  15  0:47  Barracks  
  15  0:54  Barracks  
  15  0:56  SCV  
  16  1:10  Barracks  
  16  1:13  SCV  
  17  1:23  Supply Depot  
  17  1:30  SCV  
  18  1:36  Marine  
  19  1:40  Bunker  
  19  1:44  Marine  
  20  1:48  SCV  
  21  1:55  Marine  
  22  2:02  Marine  
  22  2:05  Marine  
  24  2:10  SCV  
  24  2:13  Marine  
  26  2:19  Marine  
  26  2:23  Marine  
  27  2:37  Marine  
  27  2:41  Marine  
  26  2:50  Marine  
  26  2:55  Marine  
  26  2:57  Refinery  
  28  3:11  Orbital Command  
  27  3:14  Refinery  
  25  3:26  Marine  
  18  3:36  Marine x2  
  18  3:42  SCV  
  19  3:50  Barracks  
  19  3:52  Marine  
  20  3:57  Marine  
  21  4:10  Marine, SCV  
  21  4:13  Factory  
  2  4:51  SCV  
  3  5:03  SCV  
  4  5:15  SCV  
  5  5:27  SCV  
  6  5:39  SCV  
  6  5:40  Factory Tech Lab  
  7  5:51  SCV  
  7  5:55  Marine  
  9  6:04  SCV  
  10  6:16  SCV  
  11  6:29  Barracks Reactor  
  11  6:30  SCV  
  12  6:42  SCV  
  13  6:54  SCV  
  13  6:59  Siege Tank  
  13  7:01  Bunker  
  17  7:06  Marine, SCV  
  17  7:07  Marine  
  20  7:19  SCV  
  21  7:24  Marine x2  
  23  7:31  SCV  
  24  7:42  Marine  
  24  7:43  SCV  
  26  7:45  Engineering Bay  
  25  7:52  Siege Tank  
  25  7:55  SCV  
  29  8:07  SCV  
  29  8:12  Marine  
  30  8:19  Supply Depot  
  31  8:40  Marine x2, SCV  
  34  8:47  Missile Turret  
  34  8:48  Missile Turret  
  34  8:52  SCV  
  35  8:58  Marine x2  
  37  9:05  SCV  
  38  9:15  Siege Tank  
  38  9:16  Marine x2  
  44  9:17  SCV  
  44  9:25  Factory  
  44  9:29  SCV  
  45  9:33  Marine x2  
  47  9:51  SCV  
Tags
 
Add a new tag
Caveats
  • Supply blocks, unpowered buildings, or Contaminate may cause inaccurate times.
  • Supply counts are checked every 10 seconds.